AoeStats
← TheDayOfDurin

Oasis

508719860Analyzed
4v4 RM · 8d ago on Sep 23, 2026· 89m 28s· 8 players
Game mode
Random Map
Map size
Large (8 player)
Population
200
Speed
Normal
Resources
Standard
Victory
Conquest
Starting age
Dark Age
Ending age
Imperial Age
RankedLock teamsTeams togetherTeam positionsShared explorationLock speedFull tech treeHidden civsTurbo modeCheats
Victory
Defeat
🇮🇹 Italians · Italy
874
+14
🇮🇹 Ethiopians · Italy
871
+15
🇬🇧 Goths · United Kingdom
860
+23
🇮🇹 Persians · Italy
824
+16
🇹🇷 Poles · Türkiye
873
-16
🇧🇪 Maya · Belgium
844
-15
🇺🇸 Goths · United States
830
-15
🇹🇷 Franks · Türkiye
801
-14
SevenLives <3
9:05 Loom
10:51 Feudal Age
13:42 Wheelbarrow
12:53 Town Watch
13:52 Bloodlines
14:03 Arson
14:46 Forging
24:55 Castle Age
24:13 Double-Bit Axe
24:59 Horse Collar
25:55 Town Patrol
26:41 Bow Saw
28:18 Gold Mining
31:02 Imperial Age
29:01 Fortified Wall
29:44 Heavy Plow
30:10 Husbandry
32:01 Scale Barding Armor
34:04 Hand Cart
35:17 Elite Skirmisher
36:04 Stone Mining
36:15 Cavalier
37:47 Thumb Ring
39:00 Iron Casting
38:45 Chain Barding Armor
38:17 Fletching
38:27 Padded Archer Armor
41:21 Ballistics
42:24 Leather Archer Armor
44:27 Chemistry
43:08 Treadmill Crane
45:13 Blast Furnace
44:08 Bodkin Arrow
46:00 Bodkin Arrow
50:42 Light Cavalry
52:42 Bracer
54:14 Winged Hussar
59:34 Caravan
60:04 Coinage
61:48 Scale Mail Armor
63:18 Banking
63:46 Pikeman
64:26 Squires
65:00 Chain Mail Armor
Darbeli Matkap
7:14 Loom
9:59 Feudal Age
11:29 Wheelbarrow
11:13 Double-Bit Axe
18:30 Scale Barding Armor
19:24 Gold Mining
23:06 Town Watch
26:08 Castle Age
24:20 Padded Archer Armor
24:10 Fletching
26:40 Castle Age
28:15 Bow Saw
31:02 Caravan
31:33 Coinage
31:14 Husbandry
31:47 Hand Cart
32:31 Chain Barding Armor
33:41 Gold Shaft Mining
32:57 Stone Mining
33:37 Elite Skirmisher
37:23 Town Patrol
39:54 Imperial Age
37:29 Town Patrol
38:28 Ballistics
38:26 Leather Archer Armor
38:07 Bodkin Arrow
40:40 Cavalier
43:05 Chemistry
44:19 Plate Barding Armor
44:19 Banking
47:20 Paladin
66:28 Heavy Scorpion
72:42 Light Cavalry
Squire Alex the Kind
13:09 Feudal Age
13:36 Loom
14:28 Wheelbarrow
18:01 Castle Age
21:08 Double-Bit Axe
26:37 Pikeman
27:18 Squires
27:34 Forging
27:54 Scale Mail Armor
30:51 Chain Mail Armor
31:23 Iron Casting
32:56 Hand Cart
36:14 Imperial Age
35:03 Anarchy
35:06 Murder Holes
35:13 Fletching
37:21 Conscription
37:04 Perfusion
38:23 Blast Furnace
37:19 Bodkin Arrow
39:35 Elite Huskarl
41:44 Bracer
48:45 Caravan
50:36 Halberdier
noerens40
0:41 Loom
12:47 Feudal Age
17:57 Castle Age
16:39 Double-Bit Axe
17:52 Gold Mining
17:53 Stone Mining
18:48 Fletching
20:47 Bodkin Arrow
21:49 Padded Archer Armor
24:30 Scale Mail Armor
32:23 Eagle Warrior
33:57 Chain Mail Armor
34:45 Squires
36:22 Wheelbarrow
35:32 Town Watch
36:07 Bow Saw
36:30 Forging
35:43 Pikeman
39:21 Caravan
43:00 Imperial Age
42:07 Leather Archer Armor
42:29 Iron Casting
43:54 Capped Ram
43:58 Elite Plumed Archer
45:10 Conscription
45:57 Chemistry
45:17 Ballistics
45:49 Bracer
46:49 Blast Furnace
47:30 Halberdier
48:15 Siege Ram
51:08 Elite Eagle Warrior
55:40 Onager
69:44 Plate Mail Armor
70:14 Blast Furnace
Don Balabush
7:56 Loom
11:47 Feudal Age
15:49 Castle Age
14:04 Double-Bit Axe
22:22 Horse Collar
26:50 Town Watch
27:54 Gold Mining
30:24 Scale Mail Armor
32:36 Wheelbarrow
32:22 Squires
33:38 Pikeman
34:56 Anarchy
35:00 Stone Mining
35:40 Heavy Plow
35:58 Chain Mail Armor
41:08 Hand Cart
45:13 Town Patrol
50:54 Imperial Age
48:47 Bow Saw
50:36 Forging
51:13 Elite Huskarl
51:58 Halberdier
54:26 Two-Man Saw
57:09 Iron Casting
57:07 Crop Rotation
56:54 Caravan
63:45 Blast Furnace
Rick Il Rosso
11:51 Loom
13:58 Feudal Age
12:16 Loom
14:36 Double-Bit Axe
14:33 Horse Collar
14:44 Gold Mining
16:03 Fletching
18:14 Padded Archer Armor
23:06 Castle Age
24:24 Bow Saw
24:38 Heavy Plow
24:04 Crossbowman
26:23 Wheelbarrow
27:54 Thumb Ring
27:15 Pikeman
27:55 Squires
27:40 Arson
30:55 Elite Skirmisher
31:40 Husbandry
32:52 Bodkin Arrow
33:53 Hand Cart
38:19 Bloodlines
39:32 Ballistics
39:24 Fortified Wall
39:25 Masonry
41:28 Murder Holes
42:23 Silk Road
43:27 Leather Archer Armor
43:23 Forging
44:01 Treadmill Crane
44:43 Scale Barding Armor
44:03 Light Cavalry
47:23 Imperial Age
44:39 Town Watch
49:04 Chemistry
48:35 Architecture
47:29 Hussar
47:30 Arbalester
48:49 Iron Casting
48:15 Bracer
50:32 Hoardings
50:17 Conscription
50:18 Elite Genoese Crossbowman
52:05 Ring Archer Armor
52:38 Caravan
65:45 Pirotechnia
75:38 Blast Furnace
74:59 Chain Barding Armor
76:02 Scale Mail Armor
79:30 Plate Barding Armor
79:11 Chain Mail Armor
78:48 Guard Tower
79:21 Arson
79:49 Clinker Construction
79:50 Careening
80:54 Plate Mail Armor
80:12 Arrowslits
80:31 Cavalier
81:20 Siphons
81:43 Spies/Treason
82:27 Spies/Treason
DanTe
12:07 Feudal Age
13:22 Double-Bit Axe
16:36 Castle Age
15:36 Horse Collar
22:49 Crossbowman
29:04 Bow Saw
32:54 Imperial Age
32:34 Thumb Ring
33:38 Wheelbarrow
32:59 Arbalester
35:15 Hand Cart
36:21 Chemistry
35:43 Padded Archer Armor
37:28 Caravan
37:43 Fletching
38:08 Leather Archer Armor
39:37 Forging
39:27 Scale Mail Armor
40:01 Halberdier
41:24 Squires
41:51 Bodkin Arrow
42:26 Ring Archer Armor
42:31 Iron Casting
42:11 Chain Mail Armor
44:39 Bracer
46:42 Light Cavalry
47:23 Husbandry
48:31 Blast Furnace
48:01 Plate Mail Armor
47:39 Scale Barding Armor
52:44 Two-Man Saw
52:00 Heavy Plow
53:05 Chain Barding Armor
53:28 Hussar
67:44 Ballistics
67:15 Heavy Scorpion
69:45 Torsion Engines
70:14 Conscription
71:59 Capped Ram
73:49 Siege Ram
75:32 Arson
79:02 Cavalier
81:51 Loom
84:32 Masonry
84:13 Heated Shot
84:33 Fortified Wall
84:18 Murder Holes
84:29 Siege Engineers
84:14 Guard Tower
84:35 Careening
84:46 Shipwright
84:36 Clinker Construction
84:13 Town Watch
83:51 Man-at-Arms
84:30 Spies/Treason
85:08 Long Swordsman
85:50 Town Patrol
88:29 Two-Handed Swordsman
88:31 Heavy Cavalry Archer
88:31 Elite Skirmisher
89:46 Architecture
89:52 Keep
TheDayOfDurin
11:48 Feudal Age
18:19 Castle Age
17:07 Double-Bit Axe
17:04 Horse Collar
19:15 Heavy Plow
19:59 Pikeman
22:06 Squires
21:52 Gambesons
23:08 Bow Saw
24:34 Forging
24:16 Gold Mining
31:46 Kamandaran
34:43 Imperial Age
32:17 Padded Archer Armor
32:07 Fletching
32:22 Crossbowman
34:56 Thumb Ring
35:00 Bodkin Arrow
35:21 Leather Archer Armor
37:08 Gold Shaft Mining
36:23 Stone Mining
37:57 Ring Archer Armor
39:22 Conscription
40:16 Wheelbarrow
40:19 Iron Casting
40:48 Chemistry
39:38 Heated Shot
40:02 Scale Mail Armor
40:08 Scale Barding Armor
41:45 Two-Man Saw
41:22 Crop Rotation
40:39 Town Watch
41:55 Murder Holes
43:33 Chain Barding Armor
44:13 Blast Furnace
43:29 Chain Mail Armor
45:17 Husbandry
45:28 Bloodlines
44:41 Heavy Camel Rider
46:57 Cavalier
49:51 Hand Cart
49:37 Town Patrol
50:10 Plate Mail Armor
50:15 Plate Barding Armor
53:31 Savar
55:09 Light Cavalry
57:00 Hussar
62:31 Halberdier
63:01 Arson
63:43 Ballistics
63:16 Guard Tower
68:00 Coinage
67:36 Caravan
81:55 Banking
84:13 Citadels
83:24 Elite War Elephant
83:37 Sappers
84:47 Hoardings
83:36 Spies/Treason
84:22 Devotion
84:57 Theocracy
84:19 Herbal Medicine
84:43 Block Printing
84:15 Elite Skirmisher
85:26 Parthian Tactics
Connection lost

Rejoining the realm…

Still unreachable

The connection could not be restored.

Session expired

The server has moved on; the page needs a fresh start.